Map: Orbital Shipyard

Players

Nuttium

  • Race: Protoss Protoss
  • League: Silver

Gobblehog - Winner!

  • Race: Terran Terran
  • League: Silver

VOD

Have the link to the VOD?

Description

Time

  • Played on: Feb. 13, 2016, 3:16 p.m.
  • Length: 27:19
Show
View Real Time Build Order
Export as new Build Order

Nuttium Protoss 

Build Orders: 1 Gate Expand, Double Forge, Blink Stalkers 

Get SALT Encoding   

  12  0:02  Probe (Chrono Boost)  
  13  0:13  Probe (Chrono Boost)  
  14  0:19  Pylon  
  14  0:23  Probe (Chrono Boost)  
  15  0:37  Probe (Chrono Boost)  
  15  0:38  Gateway  
  16  0:48  Probe (Chrono Boost)  
  17  0:52  Assimilator  
  17  1:01  Probe (Chrono Boost)  
  18  1:12  Probe (Chrono Boost)  
  19  1:25  Probe (Chrono Boost), Nexus  
  20  1:36  Probe (Chrono Boost)  
  21  1:46  Cybernetics Core, Probe (Chrono Boost)  
  22  1:51  Pylon  
  22  1:56  Assimilator  
  22  1:59  Probe (Chrono Boost)  
  23  2:15  Probe (Chrono Boost)  
  24  2:24  Warp Gate (Chrono Boost)  
  24  2:25  Probe  
  25  2:30  Robotics Facility  
  25  2:34  Twilight Council  
  24  2:37  Adept  
  25  3:04  Probe  
  26  3:17  Probe x2  
  28  3:27  Probe  
  28  3:28  Blink (Chrono Boost)  
  28  3:29  Probe  
  30  3:35  Gateway x2  
  30  3:41  Mothership Core, Probe  
  33  3:51  Probe  
  34  4:02  Probe  
  35  4:08  Probe  
  36  4:14  Probe  
  37  4:18  Probe  
  37  4:21  Stalker  
  40  4:26  Probe  
  41  4:31  Forge  
  41  4:34  Pylon  
  41  4:37  Forge, Probe  
  42  4:38  Probe  
  42  4:41  Stalker  
  42  4:45  Pylon  
  45  4:53  Pylon, Probe  
  45  4:54  Probe  
  45  4:55  Stalker x2  
  51  5:03  Probe  
  51  5:04  Gateway  
  51  5:05  Protoss Ground Weapons Level 1  
  51  5:06  Probe  
  53  5:10  Protoss Ground Armor Level 1  
  53  5:11  Stalker  
  55  5:21  Robotics Facility  
  55  5:23  Probe  
  55  5:24  Probe  
  55  5:25  Stalker  
  59  5:30  Stalker  
  45  6:25  Stalker  
  45  6:26  Stalker x2  
  45  6:30  Observer  
  52  6:36  Probe  
  52  6:37  Probe  
  54  6:40  Assimilator  
  54  6:41  Assimilator  
  54  6:49  Probe  
  54  6:51  Observer  
  56  6:57  Stalker x2  
  56  6:58  Stalker  
  56  7:00  Probe  
  56  7:01  Probe, Nexus  
  62  7:04  Pylon  
  62  7:07  Pylon  
  64  7:11  Pylon  
  64  7:13  Pylon  
  64  7:17  Pylon  
  64  7:23  Assimilator  
  64  7:29  Assimilator  
  64  7:31  Stalker x4  
  64  7:35  Probe  
  64  7:36  Probe  
  74  7:45  Probe  
  74  7:48  Probe  
  76  7:56  Probe  
  77  7:58  Protoss Ground Weapons Level 2  
  77  8:00  Probe  
  77  8:01  Sentry  
  80  8:06  Probe  
  80  8:07  Stalker  
  80  8:12  Probe  
  84  8:14  Stalker x2  
  84  8:17  Probe  
  89  8:30  Robotics Bay  
  89  8:33  Probe x2  
  90  8:34  Probe  
  90  8:36  Stalker x2  
  90  8:40  Stalker  
  98  8:46  Probe  
  98  8:47  Stalker  
  98  8:48  Probe x2  
  101  8:55  Observer  
  104  9:10  Stalker x4  
  112  9:23  Colossus  
  118  9:34  Gateway  
  118  9:37  Gateway  
  118  9:40  Gateway  
  118  9:43  Pylon  
  118  9:47  Photon Cannon  
  118  9:51  Photon Cannon x2  
  118  9:53  Photon Cannon  
  118  9:57  Photon Cannon  
  118  9:58  Photon Cannon  
  118  9:59  Photon Cannon  
  118  10:02  Photon Cannon, Stalker  
  118  10:03  Stalker x3  
  118  10:04  Photon Cannon  
  118  10:07  Photon Cannon  
  126  10:11  Photon Cannon  
  126  10:13  Protoss Ground Armor Level 2  
  126  10:16  Protoss Ground Weapons Level 3  
  126  10:18  Extended Thermal Lance  
  126  10:21  Colossus  
  126  10:26  Photon Cannon  
  128  10:43  Pylon  
  128  10:44  Pylon  
  127  11:44  Nexus  
  127  11:45  Pylon  
  127  11:46  Pylon  
  127  11:50  Pylon  
  127  11:52  Stargate  
  127  11:53  Stargate  
  127  11:55  Pylon, Stargate  
  127  12:01  Probe  
  127  12:02  Colossus  
  127  12:05  Probe  
  131  12:29  Protoss Shields Level 1  
  131  12:36  Stargate  
  131  12:39  Stargate  
  131  12:41  Stargate  
  131  13:01  Nexus  
  131  13:05  Assimilator  
  131  13:11  Assimilator  
  131  13:13  Pylon  
  131  13:16  Pylon  
  131  13:43  Fleet Beacon  
  131  13:47  Disruptor  
  134  13:51  Void Ray x2  
  142  13:55  Void Ray x2  
  148  14:22  Disruptor  
  135  14:31  Tempest  
  135  14:34  Tempest  
  75  15:15  Stalker x2  
  75  15:16  Stalker x4  
  87  15:40  Stalker  
  87  15:41  Stalker x2  
  93  15:49  Pylon  
  90  16:14  Tempest  
  94  16:45  Nexus  
  94  16:47  Pylon  
  94  16:49  Pylon  
  94  17:04  Stalker x2  
  94  17:05  Stalker x5  
  108  17:12  Assimilator  
  108  17:13  Assimilator  
  108  17:22  Tempest  
  112  17:36  Probe  
  112  17:37  Probe  
  112  17:38  Probe  
  115  17:46  Stalker x3  
  115  17:47  Stalker x2  
  125  18:04  Oracle  
  128  18:38  Tempest  
  128  18:39  Tempest  
  85  19:15  Tempest  
  89  19:21  Tempest  
  93  19:51  Tempest  
  97  19:55  Stalker x2  
  97  19:56  Stalker x3  
  107  20:06  Templar Archives  
  102  21:07  Tempest x2, Oracle  
  102  21:09  Stalker  
  102  21:10  Stalker x3  
  102  21:11  Stalker  
  123  21:23  Pylon  
  123  21:37  Nexus  
  123  21:38  Assimilator  
  123  21:39  Assimilator  
  123  21:40  Pylon  
  123  21:48  Stalker x3  
  123  21:49  Stalker x3  
  135  22:00  Pylon  
  135  22:03  Pylon, Assimilator, Nexus  
  135  22:14  Assimilator  
  123  22:47  Stalker x2  
  123  22:48  Stalker x4  
  103  23:07  Oracle  
  106  23:31  Stalker x2  
  106  23:32  Stalker x3  
  116  23:45  High Templar  
  115  24:25  Psionic Storm  
  115  24:31  Tempest  
  112  25:19  Stalker x2  
  112  25:20  Stalker x4  
  88  25:50  High Templar x2  
  88  25:51  High Templar  
  74  25:58  Stalker x2  
  70  26:06  Tempest x2  
  76  26:24  High Templar  
  76  26:29  Stalker  
  76  26:30  Sentry  
  80  26:44  Sentry  
Show
View Real Time Build Order
Export as new Build Order

Gobblehog Terran - Winner!

Build Orders: Mech 

Get SALT Encoding   

  12  0:01  SCV  
  13  0:13  SCV  
  14  0:18  Supply Depot  
  14  0:25  SCV  
  15  0:39  SCV  
  15  0:41  Barracks  
  16  0:46  Refinery  
  16  0:51  SCV  
  17  1:05  SCV  
  18  1:17  SCV  
  19  1:32  Orbital Command  
  19  1:33  Reaper  
  19  1:35  Supply Depot  
  20  2:09  Refinery  
  20  2:17  Marine  
  21  2:39  Factory  
  21  3:20  Barracks Reactor  
  21  3:25  Factory x2  
  21  3:31  Barracks  
  21  3:32  Barracks  
  21  3:34  Engineering Bay  
  21  3:43  Command Center  
  21  3:45  Factory Reactor  
  21  3:52  Armory  
  21  4:00  Marine  
  21  4:01  Marine  
  22  4:08  SCV  
  23  4:14  Factory Tech Lab  
  23  4:16  Factory Tech Lab  
  23  4:20  SCV  
  24  4:25  Barracks Tech Lab  
  24  4:26  Barracks Reactor  
  24  4:32  SCV  
  25  4:44  SCV  
  26  4:46  Marine x2  
  26  4:50  Hellbat  
  30  4:55  Hellbat  
  30  4:56  Supply Depot  
  30  4:58  Orbital Command  
  30  4:59  Supply Depot  
  32  5:01  SCV  
  32  5:03  Marine x2  
  32  5:04  Marine  
  32  5:06  Marine  
  37  5:13  SCV  
  38  5:18  Marine  
  39  5:29  Siege Tank  
  39  5:33  SCV x2  
  39  5:34  Supply Depot  
  44  5:36  Supply Depot  
  44  5:45  SCV x2  
  46  5:56  Marine x2  
  47  6:13  Marine  
  46  6:23  Supply Depot  
  46  6:25  Supply Depot  
  46  6:28  SCV x2  
  48  6:36  Marine x2  
  48  6:39  Barracks Tech Lab  
  50  6:40  SCV x2  
  50  6:42  Hellbat x2  
  50  6:44  Command Center  
  50  6:45  Siege Tank x2  
  62  6:52  SCV x2  
  64  6:54  Marine x2  
  64  6:59  Stimpack  
  66  7:04  Refinery, SCV x2, Hellbat x2  
  72  7:16  Starport  
  72  7:17  Siege Tank  
  72  7:21  SCV x2  
  77  7:23  Refinery  
  77  7:26  Marine  
  77  7:27  Marine x3  
  81  7:33  SCV  
  81  7:34  SCV  
  83  7:43  Siege Tank  
  86  7:45  SCV  
  86  7:46  SCV  
  88  7:52  Supply Depot  
  88  7:54  Starport Reactor, Supply Depot  
  88  8:00  SCV x2  
  90  8:07  Orbital Command  
  90  8:12  SCV x2  
  91  8:17  Missile Turret  
  91  8:19  Missile Turret  
  92  8:24  SCV  
  92  8:25  SCV  
  94  8:27  Marine x2  
  94  8:33  Medivac x2  
  100  8:36  SCV, Marine x2  
  100  8:37  SCV  
  104  8:43  Siege Tank x2  
  104  8:45  Marine x2  
  104  8:46  Hellbat  
  104  8:47  Hellbat  
  116  8:49  SCV  
  116  8:54  Marine x2  
  119  9:03  Marine x2  
  121  9:12  Marine x2  
  123  9:17  Supply Depot  
  123  9:18  Supply Depot  
  123  9:27  Marine x2  
  125  9:39  Thor, Marine x2  
  125  9:40  SCV x3, Hellbat x2  
  125  9:44  Supply Depot x2, Marine  
  141  10:05  SCV, Medivac x2, Marine x3  
  141  10:06  Thor, SCV, Marine  
  157  10:12  Supply Depot  
  157  10:13  Supply Depot  
  157  10:22  Missile Turret  
  157  10:34  SCV, Marine x3  
  161  10:51  Marine  
  146  11:10  SCV x3  
  147  11:19  Thor  
  147  11:20  Siege Tank  
  147  11:21  Marine, Hellbat x2  
  147  11:22  Marine  
  147  11:24  Marine x2  
  164  11:28  Medivac x2  
  164  11:32  Refinery  
  168  11:34  Refinery  
  168  11:39  Marine x2  
  169  11:42  Marine, Hellbat  
  173  11:57  Supply Depot  
  173  12:01  Engineering Bay  
  173  12:02  Command Center, Armory  
  173  12:18  Siege Tank, Marine  
  173  12:19  Hellbat x2  
  173  12:22  Thor, Medivac x2, Marine x3  
  194  12:36  Marine  
  195  12:39  Marine  
  195  12:40  Hellbat x2  
  195  12:41  Terran Infantry Weapons Level 1, Terran Vehicle Weapons Level 1  
  195  12:42  Terran Infantry Armor Level 1  
  200  12:46  Infernal Pre-Igniter  
  200  12:47  Combat Shields  
  200  13:15  Refinery  
  200  13:16  Refinery  
  200  13:33  Orbital Command  
  200  14:08  Terran Vehicle And Ship Armor Level 1  
  168  14:26  Command Center  
  119  15:36  Marine  
  119  15:37  Marine x2  
  119  15:38  Marine x2  
  119  15:40  Siege Tank  
  119  15:41  Thor  
  135  15:44  Hellbat x2  
  135  15:45  Medivac x2  
  141  15:54  Marine x2  
  141  15:55  Marine x2  
  141  15:56  Marine  
  146  16:05  Hellbat  
  146  16:06  Hellbat  
  150  16:12  Siege Tank, Marine x3  
  150  16:13  Marine x2  
  150  16:15  Medivac x2  
  162  16:24  Thor  
  167  16:27  Hellbat x2  
  167  16:30  Marine x3  
  167  16:31  Marine x2  
  176  16:45  Siege Tank  
  179  16:48  Marine, Hellbat  
  179  16:49  Hellbat  
  179  16:53  Orbital Command  
  184  17:07  Thor  
  190  17:17  Siege Tank  
  190  17:18  Viking  
  190  17:19  Viking  
  190  17:22  Marine  
  197  17:23  Marine  
  199  17:30  Marine  
  200  17:43  Terran Infantry Weapons Level 2, Terran Vehicle Weapons Level 2  
  200  17:44  Terran Infantry Armor Level 2, Terran Vehicle And Ship Armor Level 2  
  200  18:18  Command Center  
  125  19:48  Planetary Fortress  
  125  19:54  Marine x2  
  125  19:55  Marine x2  
  125  19:57  Viking x2  
  125  19:59  Siege Tank  
  136  20:00  Thor  
  142  20:12  Marine x2  
  142  20:13  Terran Vehicle Weapons Level 3, Marine x2  
  142  20:14  Terran Vehicle And Ship Armor Level 3  
  146  20:15  Terran Infantry Armor Level 3, Terran Infantry Weapons Level 3  
  146  20:27  Viking x2  
  150  20:29  Marine  
  150  20:30  Marine x3  
  150  20:31  Siege Tank  
  157  20:43  Thor  
  157  20:47  Marine  
  157  20:48  Marine x3  
  160  20:56  Viking  
  152  20:57  Viking  
  152  21:03  Siege Tank  
  155  21:19  Marine x2  
  155  21:20  Marine x2  
  159  21:26  Thor, Viking  
  159  21:27  Viking  
  159  21:28  Barracks  
  159  21:29  Refinery  
  159  21:30  Barracks  
  169  21:33  Refinery, Barracks  
  169  21:34  Barracks  
  169  21:35  Barracks  
  169  21:36  Siege Tank, Marine, Barracks  
  169  21:37  Marine  
  169  21:38  Marine x2  
  169  21:39  Factory  
  176  21:42  Factory  
  176  21:45  Starport x2  
  175  21:54  Marine  
  175  21:55  Marine x3  
  177  22:08  Siege Tank  
  180  22:09  Thor  
  180  22:12  Marine  
  180  22:13  Marine x3  
  160  22:51  Thor  
  157  23:03  Barracks Reactor x2  
  157  23:04  Barracks Reactor  
  157  23:05  Barracks Reactor x3  
  157  23:07  Factory Tech Lab x2  
  157  23:08  Starport Reactor x2  
  157  23:24  Refinery  
  157  23:26  Refinery  
  157  23:31  Command Center  
  157  23:39  SCV  
  158  23:51  SCV  
  156  24:03  SCV  
  155  24:15  SCV  
  150  24:21  Marine x15  
  150  24:22  Marine x2  
  161  24:29  Medivac x2  
  165  24:38  Marine  
  165  24:39  Marine x16  
  182  24:55  Orbital Command  
  182  24:56  Marine  
  182  24:57  Marine x16  
  185  25:14  Marine x2  
  185  25:15  Marine x14  
  162  26:26  Marine x11  
  162  26:27  Marine x6  
  179  26:44  Marine x16  
  179  26:45  Marine  
Tags
 
Add a new tag
Caveats
  • Supply blocks, unpowered buildings, or Contaminate may cause inaccurate times.
  • Supply counts are checked every 10 seconds.